 Dungeon Crawl Stone Soup version 0.19.1 (webtiles) character file.

103 Dfrag the Conjurer (level 4, -3/36 HPs)
             Began as a Naga Conjurer on Nov 29, 2016.
             Killed from afar by Dfrag's ghost (9 damage)
             ... with a flame tongue
             ... on level 3 of the Dungeon.
             The game lasted 00:03:52 (1851 turns).

Dfrag the Conjurer (Naga Conjurer)                  Turns: 1851, Time: 00:03:52

Health: -3/36      AC:  2    Str: 10    XL:     4   Next: 79%
Magic:  0/9        EV: 10    Int: 16    God:
Gold:   79         SH:  0    Dex: 12    Spells: 2 memorised, 7 levels left

rFire  + . .     SeeInvis +     q - +0 hand axe (freeze)
rCold  x . .     Gourm    .     a - +0 robe
rNeg   . . .     Faith    .     (no shield)
rPois  +         Spirit   .     (no helmet)
rElec  .         Reflect  .     (no cloak)
rCorr  .         Harm     .     (no gloves)
MR     .....                    (no barding)
Stlth  ++........               (no amulet)
                                (no ring)
                                n - ring of fire

@: very slow
A: see invisible, deformed body, poison resistance, slowness 2, slow metabolism
1, spit poison 1, AC +1
a: Spit Poison


You were on level 3 of the Dungeon.
You were not hungry.

You visited 1 branch of the dungeon, and saw 3 of its levels.

You collected 79 gold pieces.

Inventory:

Hand Weapons
 q - a +0 hand axe of freezing (weapon)
Armour
 a - a +0 robe (worn)
Jewellery
 n - a ring of fire (left hand)
Scrolls
 d - 3 scrolls of identify {unknown}
 e - a scroll of fog {unknown}
 i - a scroll of magic mapping {unknown}
 m - 2 scrolls of remove curse {unknown}
 r - a scroll of fear {unknown}
Potions
 g - a potion of might {unknown}
 j - a potion of degeneration {unknown}
 k - a potion of haste {unknown}
 l - a potion of invisibility {unknown}
 o - a potion of lignification {unknown}
 s - a potion of curing {unknown}
Books
 b - a book of Conjurations

   Spells                             Type                      Level
   a - Magic Dart                     Conjuration                  1
   b - Searing Ray                    Conjuration                  2
   c - Dazzling Spray                 Conjuration/Hexes            3
   d - Fulminant Prism                Conjuration/Hexes            4
   e - Iskenderun's Mystic Blast      Conjuration                  4
   f - Iskenderun's Battlesphere      Conjuration/Charms           5
Comestibles
 c - 3 bread rations
 h - 2 meat rations
 p - a royal jelly


   Skills:
 - Level 1.5 Dodging
 - Level 3.0 Stealth
 * Level 3.9 Spellcasting
 + Level 4.6 Conjurations


You had 7 spell levels left.
You knew the following spells:

 Your Spells              Type           Power        Failure   Level  Hunger
a - Magic Dart            Conj           ###.         2%          1    None
b - Searing Ray           Conj           ###...       4%          2    ##.....


Dungeon Overview and Level Annotations

Branches:
Dungeon (3/15)

Altars:

Annotations:
D:3 Dfrag's ghost, amateur DsFE


Innate Abilities, Weirdness & Mutations

You cannot wear boots.
Your serpentine skin is tough. (AC +1)
You have supernaturally acute eyesight. (SInv)
Armour fits poorly on your strangely shaped body.
Your system is resistant to poisons. (rPois)
You cover ground very slowly.
You have a slow metabolism.
You can spit poison.


Message History

The flame tongue hits you! You resist.
* * * LOW HITPOINT WARNING * * *
Dfrag's ghost hits you.
* * * LOW HITPOINT WARNING * * *
Unknown command.
Casting: Searing Ray
Confirm with . or Enter, or press ? or * to list all spells.
Aiming: Magic Dart
Press: ? - help, Shift-Dir - straight line, f/p - Dfrag's ghost
Aim: Dfrag's ghost (almost destroyed)
The magic dart hits Dfrag's ghost.
Dfrag's ghost is almost destroyed.
Dfrag's ghost hits you.
* * * LOW HITPOINT WARNING * * *
Unknown command.
You hit Dfrag's ghost. You freeze Dfrag's ghost.
Dfrag's ghost is almost destroyed.
Dfrag's ghost gestures at you while chanting.
The flame tongue hits you! You resist.
You die...

.# #.####
######....#
.........#
######?##....# #
..#..........$.##.#
.....?..%..#$<....#
..#.#..#.#.....#
#..#@###...#
#..#W###...#..#
#..#......[.....
#...............
##.#.####..#.##.
.....$ ..#.#
##..... ....#
#.##.# .#### #. #.#
.#


You could see Dfrag's ghost.

Vanquished Creatures
  4 adders (D:2)
  An ooze (D:1)
  A dart slug (D:1)
  A worm (D:2)
  A leopard gecko (D:2)
  2 orcs (D:2)
  2 giant cockroaches
  4 goblins (D:2)
  7 hobgoblins
  6 kobolds
  2 quokkas (D:2)
  A ball python (D:2)
  8 bats
  4 frilled lizards
  18 rats
62 creatures vanquished.

Notes
Turn   | Place    | Note
-------+----------+-------------------------------------------
     0 | D:1      | Dfrag the Naga Conjurer began the quest for the Orb.
     0 | D:1      | Reached XP level 1. HP: 15/15 MP: 3/3
    19 | D:1      | Reached XP level 2. HP: 7/22 MP: 0/5
    95 | D:1      | Learned a level 2 spell: Searing Ray
   258 | D:1      | Reached XP level 3. HP: 16/28 MP: 2/7
   797 | D:2      | Reached XP level 4. HP: 36/36 MP: 7/9
  1255 | D:3      | Noticed Dfrag's ghost (amateur DsFE)
  1543 | D:3      | HP: 1/36 [Dfrag's ghost (1)]
  1851 | D:3      | Killed from afar by Dfrag's ghost

Skill      XL: |  1  2  3 |
---------------+----------+-----
Spellcasting   | 3 |  3.9
Dodging        | |  1.5
Stealth        | |  3.0
Conjurations   | |  4.6

Action                   |  1- 3 |  4- 6 || total
-------------------------+-------+-------++-------
Melee: Unarmed           |    17 |       ||    17
       Hand axe          |       |    25 ||    25
 Cast: Magic Dart        |    36 |    30 ||    66
       Searing Ray       |     3 |     6 ||     9
 Abil: Spit Poison       |    20 |     6 ||    26
 Stab: Sleeping          |       |     2 ||     2
  Eat: Chunk             |     1 |     1 ||     2
       Beef jerky        |       |     1 ||     1
Armor: Robe              |    10 |    15 ||    25
Dodge: Dodged            |    18 |    39 ||    57
